 Dungeon Crawl Stone Soup version 0.24-a0-271-ga0fc33f (webtiles) character file.

Game seed: 17845896043691903876

287 Lanoc the Slasher (level 6, -3/49 HPs)
             Began as a Formicid Monk on Apr 24, 2019.
             Was a Believer of Zin.
             Slain by Grinder (4 damage)
             ... on level 3 of the Dungeon.
             The game lasted 00:05:28 (3596 turns).

Lanoc the Slasher (Formicid Monk)                   Turns: 3596, Time: 00:05:29

Health: -3/49      AC:  8    Str: 17    XL:     6   Next: 56%
Magic:  7/7        EV: 11    Int: 10    God:    Zin [**....]
Gold:   44         SH:  0    Dex: 16    Spells: 5/5 levels left

rFire    . . .     SeeInvis +   a - +0 falchion
rCold    . . .     Gourm    .   (no shield)
rNeg     . . .     Faith    .   j - +0 scale mail
rPois    ∞         Spirit   .   (helmet unavailable)
rElec    .         Reflect  .   (no cloak)
rCorr    .         Harm     .   (no gloves)
MR       .....                  (no boots)
Stlth    +.........             (no amulet)
HPRegen  0.16/turn              (no ring)
MPRegen  0.10/turn              (no ring)

@: vitalised
A: permanent stasis, dig shafts and tunnels, four strong arms, antennae 3,
yellow scales 1, subdued magic 1
a: Dig, Shaft Self, Recite, Vitalisation, Donate Gold, Renounce Religion


You were on level 3 of the Dungeon.
You worshipped Zin.
Zin was pleased with you.
You were hungry.

You visited 1 branch of the dungeon, and saw 3 of its levels.

You collected 48 gold pieces.
You donated 4 gold pieces to Zin.

Inventory:

Hand Weapons
 a - a +0 falchion (weapon)
Missiles
 h - 4 curare-tipped needles
Armour
 b - a +0 robe
 j - a +0 scale mail (worn)
Jewellery
 e - an uncursed ring of stealth {unknown}
Scrolls
 d - a scroll of noise {unknown}
 f - a scroll of amnesia {unknown}
 i - a scroll of fog {unknown}
 l - 2 scrolls of identify {unknown}
Comestibles
 c - 2 rations


   Skills:
 + Level 4.5 Fighting
 * Level 5.0 Long Blades
 + Level 0.9 Armour
 + Level 3.7 Dodging
 - Level 2.4 Stealth
 + Level 1.9 Invocations


You had 5 spell levels left.
You didn't know any spells.
Your spell library was empty.

Dungeon Overview and Level Annotations

Branches:
Dungeon (3/15)

Altars:
Gozag
Kikubaaqudgha
Zin

Annotations:
D:3 Grinder


Innate Abilities, Weirdness & Mutations

You cannot be hasted, slowed, berserked, paralysed or teleported.
You can dig through walls and to a lower floor.
Your four strong arms can wield two-handed weapons with a shield.
You have a pair of large antennae on your head. (SInv)
You are partially covered in yellow scales. (AC +2)
Your spells are a little easier to cast, but a little less powerful.


Message History

* * * LOW HITPOINT WARNING * * *
You writhe in agony.
* * * LOW HITPOINT WARNING * * *
You closely miss Grinder.
Grinder is heavily wounded.
Grinder barely misses you.
You riposte.
You slash Grinder!
Grinder is severely wounded.
Grinder hits you.
* * * LOW HITPOINT WARNING * * *
You writhe in agony.
* * * LOW HITPOINT WARNING * * *
You hit Grinder but do no damage.
Grinder is severely wounded.
Grinder hits you but does no damage.
Your scale mail prevents you from hitting Grinder.
Grinder is severely wounded.
Grinder hits you!
* * * LOW HITPOINT WARNING * * *
You writhe in agony.
You die...

..........#..##...........#
.....(...................##
...##########............#
..<.........#............#
...... #..........?...# ...#
..#..............#
...#####...?.............#
.......^..#..............#
<.......#..##.#.@........#
......#........5...........
g.....####........>......#..
.............#....[).....#..
......####...............#
........ ................#
......#. #....#...........
......# #.##.#...........
......# #. #.....##......


You could see Grinder.

Vanquished Creatures
  A howler monkey (D:2)
  Jessica (D:3)
  Terence (D:3)
  7 gnolls
  6 adders
  An ooze (D:2)
  6 leopard geckos
  4 orcs
  3 giant cockroaches (D:2)
  7 hobgoblins
  4 jackals (D:2)
  A quokka (D:2)
  12 bats
  3 frilled lizards
  6 goblins
  3 kobolds
  5 rats
71 creatures vanquished.

Notes
Turn   | Place    | Note
-------+----------+-------------------------------------------
     0 | D:1      | Lanoc the Formicid Monk began the quest for the Orb.
     0 | D:1      | Reached XP level 1. HP: 18/18 MP: 1/1
    68 | D:1      | Reached XP level 2. HP: 17/24 MP: 2/2
   371 | D:2      | Reached XP level 3. HP: 15/29 MP: 3/3
   750 | D:2      | Reached XP level 4. HP: 9/37 MP: 4/4
  1033 | D:2      | Reached skill level 4 in Long Blades
  1855 | D:2      | Found an opulent altar of Gozag.
  1856 | D:2      | Found a glowing silver altar of Zin.
  1860 | D:2      | Found an ancient bone altar of Kikubaaqudgha.
  1867 | D:2      | Became a worshipper of Zin the Law-Giver
  1867 | D:2      | Reached * piety under Zin
  1867 | D:2      | Reached ** piety under Zin
  2039 | D:2      | Reached XP level 5. HP: 32/42 MP: 5/5
  2573 | D:2      | Reached skill level 1 in Invocations
  2726 | D:3      | Noticed Terence
  2751 | D:3      | Gained mutation: Your spells are a little easier to cast,
                  | but a little less powerful. [potion of mutation]
  2751 | D:3      | Gained mutation: You are partially covered in yellow
                  | scales. (AC +2) [potion of mutation]
  2754 | D:3      | Killed Terence
  2754 | D:3      | Reached XP level 6. HP: 11/48 MP: 5/7
  3469 | D:3      | Noticed Grinder
  3476 | D:3      | Noticed Jessica
  3576 | D:3      | Killed Jessica
  3576 | D:3      | Reached skill level 5 in Long Blades
  3596 | D:3      | HP: 1/49 [Grinder (8)]
  3596 | D:3      | Slain by Grinder

Levels and vault maps discovered:
D:1:      ebering_hopf_link, layout_loops_corners
D:2:      layout_basic, minitemple
D:3:      layout_rooms, first_ration, minmay_quantized, uniq_grinder,
          uniq_jessica, uniq_terence

Skill      XL: |  1  2  3  4  5  6 |
---------------+-------------------+-----
Dodging        | 3 |  3.7
Long Blades    | 4 5 |  5.0
Fighting       | 4 |  4.5
Invocations    | 1 |  1.9
Armour         | |  0.9
Stealth        | |  2.4

Action                   |  1- 3 |  4- 6 || total
-------------------------+-------+-------++-------
Melee: Falchion          |    73 |   213 ||   286
Invok: Recite            |       |     1 ||     1
       Vitalisation      |       |     1 ||     1
  Use: Potion            |       |     1 ||     1
       Scroll            |       |     1 ||     1
 Stab: Sleeping          |     5 |     2 ||     7
  Eat: Chunk             |       |     5 ||     5
       Ration            |       |     1 ||     1
Armor: Robe              |    22 |    26 ||    48
       Scale mail        |       |    29 ||    29
Dodge: Dodged            |    67 |   155 ||   222
       Rpst.: Falchion   |    22 |    56 ||    78

Table legend:
 A = Non-vault XP
 B = Vault XP
 C = Vault XP percentage of total XP
 D = Non-vault monster count
 E = Vault monster count
 F = Vault count percentage of total count
                 A         B        C        D         E       F
            +---------+---------+-------+---------+---------+-------
      Total |     337 |      73 |  17.8 |      69 |       2 |   2.8
            +---------+---------+-------+---------+---------+-------
        D:1 |      20 |       0 |   0.0 |      13 |       0 |   0.0
        D:2 |     253 |       0 |   0.0 |      40 |       0 |   0.0
        D:3 |      64 |      73 |  53.3 |      16 |       2 |  11.1
            +---------+---------+-------+---------+---------+-------
